 Dungeon Crawl Stone Soup version 0.22-a0-149-g870e420 (webtiles) character file.

7175 mhoghedin the Nimble (level 11, -3/96 HPs)
             Began as a Kobold Conjurer on Feb 7, 2018.
             Was a Believer of Vehumet.
             Slain by a seven-headed hydra (5 damage)
             ... on level 8 of the Dungeon.
             The game lasted 00:31:58 (13023 turns).

mhoghedin the Nimble (Kobold Conjurer)             Turns: 13023, Time: 00:31:59

Health: -3/96      AC: 25    Str:  5    XL:     11   Next: 32%
Magic:  12/21      EV:  3    Int: 20    God:    Vehumet [**....]
Gold:   484        SH:  0    Dex: 16    Spells: 5/23 levels left

rFire    . . .     SeeInvis .   l - +2 dagger (elec)
rCold    . . .     Gourm    .   (shield restricted)
rNeg     + + +     Faith    .   (armour currently unavailable)
rPois    +         Spirit   .   (helmet currently unavailable)
rElec    .         Reflect  .   (cloak currently unavailable)
rCorr    .         Harm     .   (gloves currently unavailable)
MR       .....     NoTele   +   (boots currently unavailable)
Stlth    +++.......             e - amulet of rage {+Rage, !d}
HPRegen  0.26/turn              (no ring)
MPRegen  0.17/turn              (no ring)

@: tree-form
A: small, carnivore
a: Renounce Religion, Evoke Berserk Rage


You were on level 8 of the Dungeon.
You worshipped Vehumet.
Vehumet was pleased with you.
You were not hungry.
You were a tree.
You visited 3 branches of the dungeon, and saw 10 of its levels.

You collected 484 gold pieces.

Inventory:

Hand Weapons
 l - a +2 dagger of electrocution (weapon)
   (You took it off an orc wizard on level 4 of the Dungeon)
Missiles
 x - 5 throwing nets {=f, !d}
Armour
 a - a +0 robe (melded)
 n - a +0 cloak
   (You took it off Crazy Yiuf on level 2 of the Dungeon)
 t - a scarf of cloud immunity (melded)
   (You found it on level 5 of the Dungeon)
 u - a +0 helmet (melded)
   (You found it on level 3 of the Dungeon)
Jewellery
 e - an amulet of rage (around neck) {+Rage, !d}
   (You found it on level 3 of the Dungeon)
 m - a cursed ring of loudness {unknown}
   (You found it on level 4 of the Dungeon)
 r - an uncursed ring of flight {unknown}
   (You found it on level 5 of the Dungeon)
Wands
 A - a wand of scattershot (4)
   (You took it off a centaur on level 8 of the Dungeon)
 E - a wand of acid (1)
   (You found it on level 7 of the Dungeon)
Scrolls
 f - 2 scrolls of teleportation
 h - a scroll of enchant armour {unknown}
 i - 3 scrolls of immolation {unknown}
 s - 3 scrolls of remove curse
 v - 3 scrolls of identify
 w - 2 scrolls of magic mapping {!r}
Potions
 d - 3 potions of degeneration {unknown}
 g - 3 potions of curing
 j - 4 potions of haste
 o - 2 potions of ambrosia {unknown}
 p - 2 potions of resistance {unknown}
 q - 2 potions of berserk rage {unknown}
 z - a potion of brilliance {unknown}
 G - a potion of flight {unknown}
Books
 b - a book of Conjurations
 D - a book of Necromancy
   (You found it on level 7 of the Dungeon)
Comestibles
 c - 19 rations


   Skills:
 - Level 5.3 Fighting
 - Level 6.4 Short Blades
 + Level 10.3 Dodging
 - Level 4.5 Stealth
 - Level 6.6 Spellcasting
 + Level 8.6 Conjurations
 - Level 5.0 Hexes
 - Level 4.6 Translocations
 - Level 2.1 Evocations


You had 5 spell levels left.
You knew the following spells:

 Your Spells              Type           Power        Failure   Level  Hunger
a - Magic Dart            Conj           ####         1%          1    None
b - Searing Ray           Conj           #####.       1%          2    None
c - Dazzling Spray        Conj/Hex       ####..       1%          3    #......
d - Fulminant Prism       Conj/Hex       ####......   6%          4    ###....
e - Force Lance           Conj/Tloc      ####....     6%          4    ###....
x - Iskenderun's Mystic   Conj           #####...     2%          4    ###....


Dungeon Overview and Level Annotations

Branches:
Dungeon (8/15)             Temple (1/1) D:6            Lair (1/6) D:8

Altars:
Ashenzari
Cheibriados
Dithmenos
Elyvilon
Fedhas
Hepliaklqana
Kikubaaqudgha
Makhleb
Okawaru
Qazlal
Sif Muna
Uskayaw
Vehumet
Xom
Yredelemnul
Zin


Innate Abilities, Weirdness & Mutations

You are small and have problems with some larger weapons.
You are carnivorous and can eat meat at any time.


Message History

You catch the helpless yak completely off-guard!
You impale the yak!! Lightning courses through the yak!
You kill the yak!
Vehumet accepts your kill.
You start resting.
Vehumet will no longer aid your destructive magics.
You regained 35 hp, and now have 63/64 hp.
MP restored: 21 Unknown command.
You climb downwards.
Welcome back to the Lair of Beasts!
There is a staircase back to the Dungeon, spattered with blood here.
Health restored: 64 The blink frog croaks.
The yak bellows!
The blink frog blinks!
You see here a water moccasin corpse.
Aim: a yak The spray of energy hits the yak.
The blink frog blinks!
The yak completely misses you.
You now have 18/21 mp.
Aim: a yak (lightly wounded)
Okay, then.
Unknown command.
You conjure a prism of explosive energy!
The yak completely misses you. Something hits your fulminant prism!
You now have 14/21 mp.
There is a staircase back to the Dungeon, spattered with blood here.
Aim: a seven-headed hydra The searing ray misses the yak.
The searing ray hits the seven-headed hydra. (Press . to maintain the ray.)
The yak gores you!
You take 12 damage, and have 52/64 hp.
You now have 12/21 mp.
The searing ray hits the yak.
The yak misses you.
You now have 11/21 mp.
The searing ray hits the yak.
The seven-headed hydra completely misses you.
The seven-headed hydra bites you! x2; The seven-headed hydra misses you.
The seven-headed hydra completely misses you.
The seven-headed hydra barely misses you.
The seven-headed hydra closely misses you.
You climb upwards.
Welcome back to the Dungeon!
There is a staircase to the Lair here.
You take 17 damage, and have 35/64 hp.
MASSIVE DAMAGE!!
Unknown command.
As you read the scroll of fear, it crumbles to dust.
You assume a fearsome visage.
The seven-headed hydra resists with almost no effort.
The seven-headed hydra misses you. x2; The seven-headed hydra bites you.
The seven-headed hydra bites you but does no damage.
The seven-headed hydra bites you!
The seven-headed hydra closely misses you.
The seven-headed hydra misses you.
You take 13 damage, and have 22/64 hp.
MASSIVE DAMAGE!!
Okay, then.
Unknown command.
Really quaff
k - a potion of lignification {!q}?
You turn into a tree.
Your scarf of cloud immunity melds into your body.
Your +0 helmet melds into your body.
Your +0 robe melds into your body.
You feel vulnerable to the effects of clouds.
Your roots penetrate the ground.
The seven-headed hydra barely misses you.
The seven-headed hydra bites you. x2
* * * LOW HITPOINT WARNING * * *
The seven-headed hydra bites you but does no damage.
The seven-headed hydra bites you.
* * * LOW HITPOINT WARNING * * *
The seven-headed hydra bites you but does no damage. x2
You now have 26/96 hp.
You fail to use your ability.
The seven-headed hydra bites you but does no damage. x3
The seven-headed hydra bites you.
* * * LOW HITPOINT WARNING * * *
The seven-headed hydra bites you but does no damage.
The seven-headed hydra bites you.
* * * LOW HITPOINT WARNING * * *
The seven-headed hydra barely misses you.
You take 7 damage, and have 19/96 hp.
You feel better.
The seven-headed hydra bites you but does no damage.
The seven-headed hydra bites you.
* * * LOW HITPOINT WARNING * * *
The seven-headed hydra bites you but does no damage. x3
The seven-headed hydra bites you.
* * * LOW HITPOINT WARNING * * *
The seven-headed hydra bites you.
* * * LOW HITPOINT WARNING * * *
You fail to use your ability.
The seven-headed hydra bites you.
* * * LOW HITPOINT WARNING * * *
The seven-headed hydra bites you but does no damage.
The seven-headed hydra bites you!
* * * LOW HITPOINT WARNING * * *
The seven-headed hydra bites you.
* * * LOW HITPOINT WARNING * * *
The seven-headed hydra bites you but does no damage.
The seven-headed hydra bites you.
You die...

[...........####.#
##..)..
[((....###### #.#
##.).. ########
#.# ##)## # #.#
##(# # #.# #..#
#.# #..## #.#
##.(.# #D# #.##.#
### #♣# #.##.[
..### ### ##.###[
....## #.## #.
.....## ##.# #.
......# #..# #.
......# #.## #.
......# ##.# ##
.)[...# #..# #
.....## #<.# #


You could see a seven-headed hydra.

Vanquished Creatures
  2 two-headed ogres
  Joseph (D:8)
  Grinder (D:3)
  A blink frog (Lair:1)
  A hippogriff (D:8)
  2 yaks
  2 water moccasins
  5 orc warriors
  2 ice beasts
  A black bear (D:6)
  5 ogres
  A phantom (D:6)
  3 centaurs
  2 big kobolds (D:7)
  2 bullfrogs
  2 wyvern skeletons
  2 scorpions
  9 wights
  10 killer bees (D:8)
  3 howler monkeys
  7 crimson imps
  A quasit (D:8)
  5 hounds
  3 bullfrog skeletons
  6 orc priests
  A jelly (D:5)
  11 orc wizards
  Crazy Yiuf (D:2)
  2 iguanas
  Natasha (thrice) (D:2)
  4 worker ants
  A hound zombie (D:6)
  2 hound skeletons
  6 adders
  5 gnolls
  3 shadow imps
  2 oozes
  An adder skeleton (D:5)
  2 worms
  5 dart slugs
  5 leopard geckos
  35 orcs
  12 giant cockroaches
  11 goblins
  8 hobgoblins
  10 jackals
  17 kobolds
  2 quokkas
  A ball python (D:3)
  6 bats
  7 frilled lizards
  2 gnoll zombies (D:2)
  18 rats
262 creatures vanquished.

Vanquished Creatures (others)
  24 fulminant prisms
  A fungus (Lair:1)
25 creatures vanquished.

Grand Total: 287 creatures vanquished

Notes
Turn   | Place    | Note
-------+----------+-------------------------------------------
     0 | D:1      | mhoghedin the Kobold Conjurer began the quest for the Orb.
     0 | D:1      | Reached XP level 1. HP: 10/10 MP: 3/3
   263 | D:1      | Reached XP level 2. HP: 15/15 MP: 1/5
   513 | D:1      | Learned a level 2 spell: Searing Ray
   790 | D:1      | Reached XP level 3. HP: 19/19 MP: 2/7
   914 | D:1      | Reached skill level 3 in Spellcasting
  1838 | D:1      | Learned a level 3 spell: Dazzling Spray
  1970 | D:2      | Noticed Natasha
  1976 | D:2      | Killed Natasha
  1976 | D:2      | Reached XP level 4. HP: 18/24 MP: 2/9
  2073 | D:2      | Noticed Natasha
  2090 | D:2      | Killed Natasha
  2090 | D:2      | Reached skill level 5 in Conjurations
  2090 | D:2      | Reached XP level 5. HP: 19/28 MP: 1/10
  2327 | D:2      | Noticed Natasha
  2337 | D:2      | Killed Natasha
  2525 | D:2      | Reached skill level 4 in Spellcasting
  2812 | D:2      | Found a basalt altar of Yredelemnul.
  3371 | D:2      | Found a runed door.
  3936 | D:2      | Noticed Crazy Yiuf
  3941 | D:2      | Killed Crazy Yiuf
  4106 | D:3      | Reached XP level 6. HP: 32/32 MP: 12/12
  4328 | D:3      | Found a hazy altar of Hepliaklqana.
  4621 | D:3      | Found a snail-covered altar of Cheibriados.
  4623 | D:3      | Noticed Grinder
  4646 | D:3      | HP: 7/32 [Grinder (3)]
  4656 | D:3      | HP: 4/32 [orc wizard/magic dart (4)]
  4673 | D:3      | Paralysed by Grinder for 5 turns
  4675 | D:3      | HP: 6/32 [Grinder (4)]
  4677 | D:3      | HP: 2/32 [Grinder (1)]
  4679 | D:3      | Killed Grinder
  4679 | D:3      | Reached skill level 5 in Spellcasting
  4679 | D:3      | Reached skill level 6 in Conjurations
  4679 | D:3      | Reached XP level 7. HP: 3/36 MP: 8/15
  4959 | D:3      | Learned a level 4 spell: Iskenderun's Mystic Blast
  4964 | D:3      | Learned a level 4 spell: Fulminant Prism
  5145 | D:3      | Reached skill level 1 in Hexes
  5430 | D:3      | Found a burning altar of Makhleb.
  5619 | D:4      | HP: 6/36 [worker ant (5)]
  5943 | D:4      | HP: 7/36 [orc wizard/magic dart (11)]
  5951 | D:4      | HP: 6/36 [orc wizard/dagger of electrocution (2)]
  5952 | D:4      | Reached skill level 1 in Evocations
  6290 | D:4      | Found a deep blue altar of Sif Muna.
  6325 | D:4      | Reached skill level 1 in Short Blades
  6610 | D:4      | Reached skill level 1 in Fighting
  6800 | D:4      | HP: 8/38 [iguana (12)]
  6801 | D:4      | Reached skill level 3 in Dodging
  6801 | D:4      | Reached XP level 8. HP: 9/43 MP: 12/16
  7082 | D:4      | Reached skill level 2 in Short Blades
  7140 | D:4      | Reached skill level 2 in Fighting
  7175 | D:4      | Found a shimmering altar of Xom.
  7189 | D:4      | Reached skill level 3 in Short Blades
  7249 | D:4      | Reached skill level 4 in Dodging
  7377 | D:5      | Entered Level 5 of the Dungeon
  7537 | D:5      | Found a shadowy altar of Dithmenos.
  7573 | D:5      | Reached skill level 3 in Fighting
  7745 | D:5      | Reached skill level 4 in Short Blades
  7767 | D:5      | Found a glowing silver altar of Zin.
  8025 | D:5      | Noticed a hand axe
  8026 | D:5      | Noticed a dagger
  8036 | D:5      | Found a hide-covered altar of Uskayaw.
  8491 | D:6      | Reached skill level 5 in Dodging
  8522 | D:6      | Reached skill level 4 in Fighting
  8522 | D:6      | Reached XP level 9. HP: 52/52 MP: 17/17
  8544 | D:6      | Got a crystal hand axe
  8546 | D:6      | Identified the +9 hand axe "Jellybane" {freeze, Int+4} (You found it on level 6 of the Dungeon)
  8567 | D:6      | Reached skill level 5 in Short Blades
  8571 | D:6      | Found a staircase to the Ecumenical Temple.
  8651 | D:6      | Reached skill level 6 in Dodging
  8658 | Temple   | Entered the Ecumenical Temple
  8670 | Temple   | Became a worshipper of Vehumet
  8956 | D:6      | Reached skill level 5 in Fighting
  8956 | D:6      | Reached skill level 6 in Short Blades
  9050 | D:6      | Learned a level 4 spell: Force Lance
  9172 | D:6      | Reached skill level 2 in Hexes
  9172 | D:6      | Reached skill level 1 in Translocations
  9338 | D:6      | Reached skill level 7 in Conjurations
  9630 | D:7      | Reached skill level 2 in Translocations
  9672 | D:7      | Reached skill level 3 in Hexes
 10009 | D:7      | Reached skill level 3 in Translocations
 10074 | D:7      | Noticed a two-headed ogre
 10084 | D:7      | Killed a two-headed ogre
 10084 | D:7      | Reached skill level 8 in Conjurations
 10084 | D:7      | Reached skill level 4 in Hexes
 10084 | D:7      | Reached skill level 4 in Translocations
 10084 | D:7      | Reached XP level 10. HP: 59/59 MP: 11/18
 10112 | D:7      | Reached * piety under Vehumet
 10112 | D:7      | Offered knowledge of Sandblast by Vehumet.
 10257 | D:7      | Reached skill level 5 in Hexes
 10794 | D:8      | Reached skill level 3 in Stealth
 10990 | D:8      | Reached ** piety under Vehumet
 10990 | D:8      | Reached skill level 2 in Evocations
 11065 | D:8      | Offered knowledge of Freeze by Vehumet.
 11084 | D:8      | Reached skill level 6 in Spellcasting
 11093 | D:8      | Reached skill level 7 in Dodging
 11101 | D:8      | HP: 9/59 [wight/halberd (15)]
 11106 | D:8      | HP: 8/59 [poisoned by a killer bee]
 11608 | D:8      | HP: 14/59 [poisoned by a killer bee]
 11613 | D:8      | HP: 13/59 [poisoned by a killer bee]
 11620 | D:8      | HP: 12/59 [poisoned by a killer bee]
 11628 | D:8      | HP: 12/59 [poisoned by a killer bee]
 11892 | D:8      | Noticed Joseph
 11909 | D:8      | Noticed a two-headed ogre
 11911 | D:8      | Killed Joseph
 11911 | D:8      | Reached skill level 8 in Dodging
 11911 | D:8      | Reached skill level 4 in Stealth
 11911 | D:8      | Reached XP level 11. HP: 64/64 MP: 7/21
 11930 | D:8      | Killed a two-headed ogre
 11930 | D:8      | Reached skill level 9 in Dodging
 12030 | D:8      | Offered knowledge of Throw Flame by Vehumet.
 12259 | D:8      | Found an iron altar of Okawaru.
 12276 | D:8      | Reached *** piety under Vehumet
 12657 | D:8      | Found a staircase to the Lair.
 12802 | Lair:1   | Entered Level 1 of the Lair of Beasts
 12804 | Lair:1   | Noticed a seven-headed hydra
 12811 | Lair:1   | Reached skill level 10 in Dodging
 13021 | D:8      | HP: 22/96 [seven-headed hydra (5)]
 13023 | D:8      | HP: 7/96 [seven-headed hydra (8)]
 13023 | D:8      | HP: 2/96 [seven-headed hydra (5)]
 13023 | D:8      | Slain by a seven-headed hydra

Vault maps used:
D:1:      dpeg_arrival_circle_labyrinth_c, minmay_rat_gold_closets
D:2:      kennysheep_big_flooded_room, lemuel_zombie_altar_yredelemnul,
          minmay_hexomino_u4, uniq_crazy_yiuf_cottage, uniq_natasha
D:3:      lemuel_doored_altar, bloody_makhleb, kennysheep_slug_shrine,
          first_ration, cheibrodos_gnoll_hut, uniq_grinder
D:4:      led_xom_imps, nicolae_overflow_hidden_temple,
          hangedman_decor_peaks_small
D:5:      zin_academy, dancing_weapons_uskayaw, nicolae_dithmenos_shadow_blocks
D:6:      cheibrodos_two_vegetables, minmay_temple_entry_overgrown
D:8:      okawaru_altar_gauntlet_db, lair_entry_dummy, grunt_ogre_cave,
          uniq_joseph
Temple:   eino_temple_lava
Lair:1:   guppyfry_lair_drakes, grunt_megastairs_4

Skill      XL: |  1  2  3  4  5  6  7  8  9 10 11 |
---------------+----------------------------------+-----
Spellcasting   | 3 4 5 6 |  6.6
Conjurations   | 5 6 8 |  8.6
Hexes          | 1 4 5 |  5.0
Evocations     | 1 2 |  2.1
Short Blades   | 1 4 6 |  6.4
Fighting       | 1 4 5 |  5.3
Dodging        | 3 5 6 8 10 | 10.3
Translocations | 4 |  4.6
Stealth        | 4 |  4.5

Action                   |  1- 3 |  4- 6 |  7- 9 | 10-12 || total
-------------------------+-------+-------+-------+-------++-------
Melee: Unarmed           |     1 |       |       |       ||     1
       Dagger            |    40 |    33 |   265 |   133 ||   471
       Quarterstaff      |       |    32 |    24 |       ||    56
 Cast: Magic Dart        |    29 |    18 |    16 |     4 ||    67
       Searing Ray       |    11 |    19 |     8 |     9 ||    47
       Dazzling Spray    |       |     2 |    24 |    20 ||    46
       Fulminant Prism   |       |       |     4 |    20 ||    24
 Abil: Evoke Berserk Rag |       |       |    12 |     3 ||    15
Evoke: Wand              |       |       |       |     5 ||     5
  Use: Potion            |     1 |     2 |       |     3 ||     6
       Scroll            |       |     8 |     1 |     6 ||    15
 Stab: Sleeping          |     4 |     5 |     6 |     2 ||    17
       Invisible         |       |       |     8 |     7 ||    15
  Eat: Chunk             |    13 |     9 |    27 |    11 ||    60
       Ration            |       |       |     1 |       ||     1
Armor: Robe              |    11 |    17 |    31 |     8 ||    67
       Skin              |       |       |       |    13 ||    13
Dodge: Dodged            |    47 |    70 |   202 |   193 ||   512

Table legend:
 A = Spawn XP
 B = Non-spawn XP
 C = Spawn XP percentage of total XP
 D = Spawn monster count
 E = Non-spawn monster count
 F = Spawn count percentage of total count
 G = Total turns spent on level
                    A         B        C        D         E        F      G
               +---------+---------+-------+---------+---------+-------+---------
         Total |       0 |   10251 |   0.0 |       0 |     262 |   0.0 | 13023
               +---------+---------+-------+---------+---------+-------+---------
           D:1 |       0 |      65 |   0.0 |       0 |      39 |   0.0 |  1961
           D:2 |       0 |     201 |   0.0 |       0 |      28 |   0.0 |  2137
           D:3 |       0 |     500 |   0.0 |       0 |      27 |   0.0 |  1735
           D:4 |       0 |     712 |   0.0 |       0 |      23 |   0.0 |  1561
           D:5 |       0 |     367 |   0.0 |       0 |      11 |   0.0 |  1091
           D:6 |       0 |    1190 |   0.0 |       0 |      27 |   0.0 |   916
           D:7 |       0 |    2244 |   0.0 |       0 |      45 |   0.0 |  1282
           D:8 |       0 |    4383 |   0.0 |       0 |      59 |   0.0 |  2282
        Lair:1 |       0 |     589 |   0.0 |       0 |       3 |   0.0 |    37
               +---------+---------+-------+---------+---------+-------+---------

Vault maps used:
D:1:      dpeg_arrival_circle_labyrinth_c, minmay_rat_gold_closets
D:2:      kennysheep_big_flooded_room, lemuel_zombie_altar_yredelemnul,
          minmay_hexomino_u4, uniq_crazy_yiuf_cottage, uniq_natasha
D:3:      lemuel_doored_altar, bloody_makhleb, kennysheep_slug_shrine,
          first_ration, cheibrodos_gnoll_hut, uniq_grinder
D:4:      led_xom_imps, nicolae_overflow_hidden_temple,
          hangedman_decor_peaks_small
D:5:      zin_academy, dancing_weapons_uskayaw, nicolae_dithmenos_shadow_blocks
D:6:      cheibrodos_two_vegetables, minmay_temple_entry_overgrown
D:8:      okawaru_altar_gauntlet_db, lair_entry_dummy, grunt_ogre_cave,
          uniq_joseph
Temple:   eino_temple_lava
Lair:1:   guppyfry_lair_drakes, grunt_megastairs_4

Table legend:
 A = Turns spent in this place as a percentage of turns spent in the entire game.
 B = Non-inter-level travel turns spent in this place as a percentage of non-inter-level travel turns spent in the entire game.
 C = Inter-level travel turns spent in this place as a percentage of turns spent in this place.
 D = Turns resting spent in this place as a percentage of non-inter-level travel turns spent in this place.
 E = Turns spent auto-exploring this place as a percentage of non-inter-level travel turns spent in this place.
 F = Non-inter-level travel turns spent in this place divided by the number of levels of this place that you've seen.
                   A       B       C       D       E      F
               +-------+-------+-------+-------+-------+----------------------
         Total | 100.0 | 100.0 |   5.4 |  43.5 |  39.1 | 1231.4
       Dungeon |  99.6 |  99.6 |   5.4 |  43.6 |  39.3 | 1533.1
        Temple |   0.2 |   0.1 |  38.1 |   0.0 |   0.0 |  13.0
          Lair |   0.3 |   0.3 |   2.7 |   0.0 |   2.8 |  36.0
               +-------+-------+-------+-------+-------+----------------------

Table legend:
 A = Kills in this place as a percentage of kills in entire the game.
 B = Kills by you in this place as a percentage of kills by you in the entire game.
 C = Kills by friends in this place as a percentage of kills by friends in the entire game.
 D = Other kills in this place as a percentage of other kills in the entire game.
 E = Experience gained in this place as a percentage of experience gained in the entire game.
 F = Experience gained in this place divided by the number of levels of this place that you have seen.
                   A       B       C       D       E      F
               +-------+-------+-------+-------+-------+----------------------
         Total | 100.0 | 100.0 |   N/A |   N/A | 100.0 | 1025.1
       Dungeon |  98.9 |  98.9 |   N/A |   N/A |  94.3 | 1207.8
          Lair |   1.1 |   1.1 |   N/A |   N/A |   5.7 | 589.0
               +-------+-------+-------+-------+-------+----------------------
